 Dungeon Crawl Stone Soup version 0.18-a0-1426-g3b9a63c (webtiles) character file.

374 Fabri the Magician (level 6, -12/49 HPs)
             Began as a Naga Wizard on Feb 27, 2016.
             Killed by divine providence
             ... invoked by an orc priest
              (16 damage)
             ... on level 3 of the Dungeon.
             The game lasted 00:15:49 (3989 turns).

Fabri the Magician (Naga Wizard)                    Turns: 3989, Time: 00:15:49

Health: -12/49     AC:  4    Str:  9    XL:     6   Next: 72%
Magic:  2/15       EV: 10    Int: 23    God:
Gold:   178        SH:  0    Dex: 12    Spells: 5 memorised, 7 levels left

rFire  + . .     SeeInvis +     D - -3 dagger (curse)
rCold  . . .     Gourm    .     a - +0 robe
rNeg   . . .     Faith    .     (no shield)
rPois  +         Spirit   .     b - +0 hat
rElec  .         Dismiss  .     E - +0 cloak
rCorr  .         Reflect  .     (no gloves)
SustAt .         Harm     .     (no barding)
MR     .....                    (no amulet)
Stlth  ++........               C - ring of protection from fire
                                s - +5 ring of intelligence

@: very slightly contaminated, very slow, not resistant to hostile enchantments,
unstealthy
A: see invisible, deformed body, poison resistance, slowness 2, slow metabolism
1, spit poison 2, AC +2
a: Spit Poison


You were on level 3 of the Dungeon.
You were hungry.

You visited 1 branch of the dungeon, and saw 3 of its levels.

You collected 178 gold pieces.

Inventory:

Hand Weapons
 i - a +0 hunting sling
 w - a +0 longbow
 B - a +5 quarterstaff of chaos
 D - a cursed -3 dagger (weapon)
Missiles
 f - 44 sling bullets
 j - 136 stones (quivered)
 q - 15 poisoned needles
 u - 7 tomahawks
 G - 19 bolts of penetration
Armour
 a - a +0 robe (worn)
 b - a +0 hat (worn)
 x - a +0 robe
 E - a +0 cloak (worn)
Jewellery
 s - a +5 ring of intelligence (left hand)
 y - an uncursed ring of protection from cold
 C - a ring of protection from fire (right hand)
 H - an uncursed ring of poison resistance
Wands
 t - a wand of digging (9/24)
 F - a wand of confusion (31/48)
Scrolls
 g - a scroll of teleportation
 k - a scroll of blinking
Potions
 e - 2 potions of curing
 l - a potion of agility {unknown}
 m - a potion of might {unknown}
 n - a potion of lignification {unknown}
 p - a potion of heal wounds {unknown}
 A - 2 potions of degeneration
Books
 c - a book of Minor Magic

   Spells                             Type                      Level
   a - Magic Dart                     Conjuration                  1
   b - Blink                          Translocation                2
   c - Call Imp                       Summoning                    2
   d - Repel Missiles                 Charms/Air                   2
   e - Slow                           Hexes                        2
   f - Conjure Flame                  Conjuration/Fire             3
   g - Mephitic Cloud                 Conjuration/Poison/Air       3
Comestibles
 d - 3 bread rations
 h - a meat ration
 o - a beef jerky
 r - 6 chunks of flesh
 v - a slice of pizza
 z - 4 fruits


   Skills:
 - Level 1.5 Dodging
 - Level 3.0 Stealth
 + Level 6.8 Spellcasting
 - Level 1.0 Conjurations
 - Level 1.0 Summonings
 - Level 1.0 Translocations


You had 7 spell levels left.
You knew the following spells:

 Your Spells              Type           Power        Failure   Level  Hunger
a - Magic Dart            Conj           ##..         6%          1    None
b - Blink                 Tloc           N/A          10%         2    None
c - Call Imp              Summ           ##......     10%         2    None
d - Conjure Flame         Conj/Fire      ##......     21%         3    None
e - Mephitic Cloud        Conj/Pois/Air  #.......     21%         3    None


Dungeon Overview and Level Annotations

Branches:
Dungeon (3/15)

Altars:

Annotations:
D:3 chei's ghost, amateur NaFi


Innate Abilities, Weirdness & Mutations

You cannot wear boots.
Your serpentine skin is tough (AC +2).
You have supernaturally acute eyesight.
Armour fits poorly on your strangely shaped body.
Your system is resistant to poisons.
You cover ground very slowly.
You have a slow metabolism.
You can spit poison.


Message History

Casting: Mephitic Cloud
Confirm with . or Enter, or press ? or * to list all spells.
Aiming: Mephitic Cloud
Press: ? - help, Shift-Dir - straight line, f/p - orc
Aim: an orc, wielding a hand axe (lightly wounded, confused)
The ball explodes into a vile cloud!
The stinking cloud engulfs the orc.
The orc is lightly wounded.
The stinking cloud engulfs the orc wizard.
The orc is engulfed in noxious fumes.
The orc appears confused.
The orc priest mumbles some strange prayers to Beogh against you.
Beogh smites you!
* * * LOW HITPOINT WARNING * * *
Casting: Mephitic Cloud
Confirm with . or Enter, or press ? or * to list all spells.
A beastly little devil appears in a puff of flame.
The orc wizard miscasts a cantrip.
You have got your breath back.
The orc priest invokes the aid of Beogh against you.
Beogh smites you!
You die...

*## *** *.# *,*
*o######*,#####
####o.os...,,#....
#5.†o#******,#.#..
#@#### **##### ######.#
##......# ♣ #.......#
#####♣♣♣ *** #.....).#
#...#♣..
,_******##....<..# *****
#.....♣♣
*≈**,,,,.........###,,,*
#)..#♣♣
***,,,***#.........#,***
##### ,,,,,,*
##.....##.#.#


You could see an orc priest, an orc wizard, an orc (confused), a giant cockroach
and a friendly crimson imp.

Vanquished Creatures
  An ogre (D:3)
  Crazy Yiuf (D:3)
  Jessica (D:2)
  3 adders (D:3)
  An ooze (D:3)
  3 worms
  2 dart slugs
  4 giant geckos
  2 orcs (D:3)
  A ball python (D:3)
  11 bats
  3 giant cockroaches
  4 goblins
  5 hobgoblins
  6 jackals
  A quokka (D:3)
  2 giant newts
  7 kobolds
  38 rats
96 creatures vanquished.

Vanquished Creatures (collateral kills)
  Grinder (D:3)
1 creature vanquished.

Grand Total: 97 creatures vanquished

Notes
Turn   | Place    | Note
--------------------------------------------------------------
     0 | D:1      | Fabri the Naga Wizard began the quest for the Orb.
     0 | D:1      | Reached XP level 1. HP: 15/15 MP: 4/4
   302 | D:1      | Reached XP level 2. HP: 22/22 MP: 3/6
   805 | D:1      | Learned a level 2 spell: Blink
   808 | D:1      | Learned a level 2 spell: Call Imp
  1111 | D:2      | Reached XP level 3. HP: 26/28 MP: 1/8
  1171 | D:2      | Reached skill level 4 in Spellcasting
  1845 | D:2      | Reached XP level 4. HP: 9/36 MP: 1/10
  2281 | D:2      | Noticed Jessica
  2285 | D:2      | Killed Jessica
  2462 | D:2      | Reached skill level 5 in Spellcasting
  2829 | D:3      | Reached XP level 5. HP: 42/42 MP: 7/12
  2848 | D:3      | Learned a level 3 spell: Conjure Flame
  2852 | D:3      | Learned a level 3 spell: Mephitic Cloud
  2859 | D:3      | Noticed Grinder
  3250 | D:3      | Killed Grinder
  3250 | D:3      | Reached skill level 6 in Spellcasting
  3250 | D:3      | Reached XP level 6. HP: 45/49 MP: 2/15
  3426 | D:3      | Noticed Crazy Yiuf
  3440 | D:3      | Killed Crazy Yiuf
  3719 | D:3      | Noticed chei's ghost (amateur NaFi)
  3989 | D:3      | Killed from afar by an orc priest

Vault maps used:
D:1:      minmay_arrival_hallway
D:2:      first_bread, hangedman_decor_riveting, minmay_rats_cheesy_pizza,
          uniq_jessica
D:3:      gammafunk_temple_overflow_elements, uniq_crazy_yiuf_cottage,
          uniq_grinder

Skill      XL: |  1  2  3  4  5 |
---------------+----------------+-----
Spellcasting   | 4 5 6 |  6.8
Dodging        | |  1.5
Stealth        | |  3.0
Conjurations   | |  1.0
Summonings     | |  1.0
Translocations | |  1.0

Action                   |  1- 3 |  4- 6 || total
-------------------------+-------+-------++-------
Melee: Unarmed           |   118 |    10 ||   128
       Dagger            |       |    21 ||    21
 Cast: Magic Dart        |    72 |   101 ||   173
       Blink             |       |     4 ||     4
       Call Imp          |       |     7 ||     7
       Mephitic Cloud    |       |     6 ||     6
 Abil: Spit Poison       |    14 |    25 ||    39
  Use: Scroll            |     2 |     7 ||     9
       Potion            |     1 |       ||     1
 Stab: Sleeping          |     2 |       ||     2
  Eat: Chunk             |     2 |     7 ||     9
